 Dungeon Crawl Stone Soup version 0.25.1-2-g60ff931df9 (webtiles) character file.

Game seed: 1904770963445613589

6841 KamiKatze the Cleaver (level 10, -3/132 HPs)
             Began as a Demigod Fighter on Nov 13, 2020.
             Slain by a large abomination (12 damage)
             ... on level 8 of the Dungeon.
             The game lasted 00:34:57 (8885 turns).

KamiKatze the Cleaver (Demigod Fighter)             Turns: 8885, Time: 00:34:58

Health: -3/132     AC: 25    Str: 25    XL:     10   Next: 49%
Magic:  13/13      EV:  2    Int: 12    God:
Gold:   600        SH: 12    Dex: 15    Spells: 9/9 levels left

rFire    + . .     SeeInvis .   a - +0 war axe
rCold    . . .     Gourm    .   c - +0 kite shield
rNeg     + + +     Faith    .   (armour currently unavailable)
rPois    +         Spirit   .   (helmet currently unavailable)
rElec    .         Reflect  .   (cloak currently unavailable)
rCorr    .         Harm     .   (gloves currently unavailable)
MR       +....     NoTele   +   (boots currently unavailable)
Stlth    +.........             w - amulet of the acrobat
HPRegen  0.32/turn              Q - ring of protection from fire
MPRegen  0.13/turn              m - ring of positive energy

@: tree-form
A: high mp 1
a: no special abilities


You were on level 8 of the Dungeon.
You were not hungry.
You were a tree.
You visited 2 branches of the dungeon, and saw 10 of its levels.

You collected 600 gold pieces.

Inventory:

Hand Weapons
 a - a +0 war axe (weapon)
 b - a +1 vampiric hand axe
 H - a +0 battleaxe
 I - the +4 mace "Janwut" {antimagic, rF+ Str+7 Int-5 Stlth+}
   (You found it on level 6 of the Dungeon)

   It reduces the magical energy of the wielder, and disrupts the spells and
   magical abilities of those hit.
   Natural abilities and divine invocations are not affected.
   It affects your strength (+7).
   It affects your intelligence (-5).
   It protects you from fire.
   It makes you more stealthy.
 P - the +8 mace of Caqu {vorpal, Stlth+}
   (You found it on level 8 of the Dungeon)

   It inflicts extra damage upon your enemies.
   It makes you more stealthy.
Missiles
 e - 143 stones
 D - a throwing net
 K - 7 atropa-tipped darts
 S - 7 boomerangs (quivered)
Armour
 c - a +0 kite shield (worn)
 n - a +0 plate armour
 r - a +2 pair of gloves (melded)
 y - a scarf of repulsion (melded)
 A - the +5 scale mail "Zeav" (melded) {MP+9}
   (You found it on level 6 of the Dungeon)

   It affects your magic capacity (+9).
 E - a +0 chain mail
 R - a +0 pair of boots (melded)
 X - a cursed +0 helmet (melded)
Magical Staves
 o - an uncursed staff of air
 x - an uncursed staff of energy {unknown}
Jewellery
 m - a ring of positive energy (right branch)
 w - an amulet of the acrobat (around neck)
 B - an uncursed ring of protection from fire
 G - an uncursed ring of flight
 J - a +6 ring of intelligence
 M - an uncursed amulet of magic regeneration
 Q - a ring of protection from fire (left branch)
Wands
 j - a wand of polymorph (17)
 T - a wand of paralysis (9)
 V - a wand of flame (26)
Scrolls
 h - 2 scrolls of amnesia
 k - 3 scrolls of teleportation
 p - a scroll of fog
 q - a scroll of vulnerability {unknown}
 s - a scroll of fear {unknown}
 t - 3 scrolls of enchant weapon {unknown}
 u - a scroll of immolation
 L - a scroll of random uselessness {unknown}
 N - 4 scrolls of remove curse
 O - a scroll of torment {unknown}
 U - 2 scrolls of identify
 W - a scroll of enchant armour {unknown}
Potions
 d - 2 potions of might
 g - a potion of stabbing
 i - a potion of curing
 l - 2 potions of mutation
 C - a potion of flight
 F - a potion of berserk rage
Comestibles
 f - 20 rations


   Skills:
 + Level 8.1 Fighting
 * Level 10.8 Axes
 - Level 2.6 Armour
 - Level 1.0 Dodging
 + Level 8.1 Shields


You had 9 spell levels left.
You didn't know any spells.
Your spell library contained the following spells:

 Spells                   Type           Power        Failure   Level  Hunger
 Magic Dart               Conj           #...         63%         1    ##.....
 Searing Ray              Conj           #.....       77%         2    ###....
 Dazzling Flash           Conj/Hex       #.....       94%         3    ####...
 Fulminant Prism          Conj/Hex       #.........   100%        4    #####..
 Iskenderun's Mystic Bla  Conj/Tloc      #.......     100%        4    #####..


Dungeon Overview and Level Annotations

Branches:
Dungeon (9/15)             Temple (1/1) D:4
   Lair: D:8-11         Orc: D:9-12


Innate Abilities, Weirdness & Mutations

You have an increased reservoir of magic. (+10% MP)


Message History

The large abomination hits you but does no damage.
You hit the large abomination but do no damage.
The large abomination is moderately damaged.
Unknown command.
Really quaff the potion of lignification?
You turn into a tree.
Your scarf of repulsion melds into your body.
Your cursed +0 helmet melds into your body.
Your +2 pair of gloves melds into your body.
Your +0 pair of boots melds into your body.
The +5 scale mail "Zeav" {MP+9} melds into your body.
The haze of the repulsion field disappears.
Your roots penetrate the ground.
You block the large abomination's attack.
You feel better.
The large abomination hits you but does no damage.
You closely miss the large abomination.
The large abomination is moderately damaged.
The large abomination hits you!
You die...

#.(......#.)...#....###..###..
####(.....#...#####....# #.##
#.. .........###.......#...#
#.# #.. ....(....#
#....####...# #.####..
.........# #..###
#.#.###.#..... .....##### #..#
#.#.....#..... .....# #..#
###.#.#..##..... .....###
#..####...#.#..###.###
####...##
##.##♣..###.#......### ###..#
#...X### #.#...####.. ##.#
#..#######.#..## #.. #.#
#..........([.## #..
##.#####...........[..# ###
#.....<...........=##.#
#....###...........##.######
#....# ##................##.
#....# #...................


You could see a large abomination.

Vanquished Creatures
  A wizard (D:9)
  Grinder (D:3)
  A hippogriff (D:7)
  4 slime creatures (D:8)
  A spriggan (D:8)
  A wraith (D:9)
  2 hungry ghosts
  2 large abominations
  6 yaks (D:9)
  2 orc warriors
  2 ice beasts
  3 black bears (D:6)
  2 necrophages
  2 centaurs
  4 ogres
  5 small abominations
  A big kobold (D:9)
  4 bullfrogs
  A scorpion (D:6)
  A jelly (D:7)
  3 orc priests
  4 orc wizards
  4 hounds
  A bullfrog skeleton (D:7)
  An iguana (D:6)
  2 worker ants (D:4)
  2 hound skeletons
  10 gnolls
  A howler monkey skeleton (D:7)
  9 adders
  2 shadow imps (D:6)
  An ooze (D:7)
  An adder zombie (D:5)
  An adder skeleton (D:2)
  2 worms
  A dart slug (D:1)
  6 leopard geckos
  24 orcs
  6 bats
  5 giant cockroaches
  6 goblins
  7 hobgoblins
  2 jackals (D:7)
  6 quokkas
  A frilled lizard (D:3)
  A jackal skeleton (D:7)
  17 kobolds
  A leopard gecko skeleton (D:2)
  9 rats
182 creatures vanquished.

Vanquished Creatures (others)
  4 toadstools (D:3)
4 creatures vanquished.

Grand Total: 186 creatures vanquished

Notes
Turn   | Place    | Note
-------+----------+-------------------------------------------
     0 | D:1      | KamiKatze the Demigod Fighter began the quest for the Orb.
     0 | D:1      | Reached XP level 1. HP: 18/18 MP: 3/3
   125 | D:1      | Reached skill level 2 in Axes
   257 | D:1      | Reached XP level 2. HP: 25/25 MP: 4/4
   424 | D:1      | You fall into a shaft and drop 1 floor!
   432 | D:2      | Reached XP level 3. HP: 29/31 MP: 5/5
   520 | D:2      | Reached skill level 1 in Dodging
  1168 | D:2      | Reached skill level 3 in Axes
  1168 | D:2      | Reached XP level 4. HP: 36/38 MP: 6/6
  1535 | D:3      | Found a shimmering blue altar of Sif Muna.
  1663 | D:3      | Noticed Grinder
  1677 | D:3      | Killed Grinder
  1677 | D:3      | Reached skill level 4 in Axes
  1677 | D:3      | Reached XP level 5. HP: 35/46 MP: 7/7
  1719 | D:3      | Reached XP level 6. HP: 31/52 MP: 8/8
  1996 | D:3      | Found a glowing silver altar of Zin.
  2552 | D:4      | Found an iron altar of Okawaru.
  2650 | D:4      | Found a staircase to the Ecumenical Temple.
  2709 | Temple   | Entered the Ecumenical Temple
  3129 | D:4      | Reached skill level 5 in Axes
  3131 | D:4      | Reached XP level 7. HP: 27/60 MP: 9/9
  3284 | D:5      | Entered Level 5 of the Dungeon
  3913 | D:5      | Found a white marble altar of Elyvilon.
  3922 | D:5      | Reached skill level 6 in Axes
  4421 | D:6      | Got a scorched scale mail
  4432 | D:6      | Identified the +5 scale mail "Zeav" {MP+9} (You found it on
                  | level 6 of the Dungeon)
  4470 | D:6      | Reached skill level 5 in Fighting
  4470 | D:6      | Reached skill level 5 in Shields
  4479 | D:6      | Found a bloodstained altar of Trog.
  4504 | D:6      | Got a dazzling mace
  4564 | D:6      | Reached XP level 8. HP: 68/68 MP: 10/10
  4889 | D:6      | Reached skill level 7 in Axes
  5683 | D:7      | Found an opulent altar of Gozag.
  5683 | D:7      | Found a shimmering blue altar of Sif Muna.
  5684 | D:7      | Found a burning altar of Makhleb.
  6190 | D:7      | Reached skill level 8 in Axes
  6242 | D:7      | Noticed a hippogriff
  6293 | D:7      | Killed a hippogriff
  6293 | D:7      | Reached XP level 9. HP: 76/77 MP: 11/11
  6607 | D:8      | Got a jewelled mace
  6888 | D:8      | Identified the +4 mace "Janwut" {antimagic, rF+ Str+7 Int-5
                  | Stlth+} (You found it on level 6 of the Dungeon)
  6889 | D:8      | Identified the +8 mace of Caqu {vorpal, Stlth+} (You found
                  | it on level 8 of the Dungeon)
  6917 | D:8      | Reached skill level 9 in Axes
  7059 | D:8      | Found an ornate altar of the Wu Jian Council.
  7645 | D:9      | Reached XP level 10. HP: 85/86 MP: 13/13
  7653 | D:9      | Reached skill level 10 in Axes
  7742 | D:9      | Noticed a wizard
  7768 | D:9      | Killed a wizard
  8450 | D:9      | Found a blossoming altar of Fedhas.
  8501 | D:9      | Noticed a large abomination
  8501 | D:9      | Noticed a large abomination
  8600 | D:8      | Killed a large abomination
  8880 | D:8      | HP: 1/88 [large abomination (27)]
  8885 | D:8      | Slain by a large abomination

Illustrated notes

Levels and vault maps discovered:
D:1:      dpeg_arrival_lava_altar, layout_basic
D:2:      layout_loops_ring, first_ration
D:3:      layout_basic, lemuel_crystal_altar, minmay_gold_behind_fungi,
          lemuel_blue_sif_altar, uniq_grinder
D:4:      layout_cave_pools, okawaru_altar_gauntlet_db,
          minmay_temple_entry_trees
D:5:      layout_loops_corners, kennysheep_little_box
D:6:      layout_basic, trog_ov_bears_minmay
D:7:      layout_loops_ring, gammafunk_temple_overflow_claw
D:8:      layout_rooms, marbit_many_paths, the_bakery
D:9:      layout_rooms, lemuel_coloured_pillars_altar,
          fedhas_altar_decomposition, laboratory
Temple:   minmay_temple_bridge_abc

Skill      XL: |  1  2  3  4  5  6  7  8  9 10 |
---------------+-------------------------------+-----
Axes           | 2 3 4 5 6 8 9 10 | 10.8
Shields        | 3 4 5 6 7 8 |  8.1
Fighting       | 3 4 5 6 7 8 |  8.1
Dodging        | 1 |  1.0
Armour         | |  2.6

Action                   |  1- 3 |  4- 6 |  7- 9 | 10-12 || total
-------------------------+-------+-------+-------+-------++-------
Melee: War axe           |   118 |   122 |   254 |    60 ||   554
       Hand axe          |       |       |   277 |    50 ||   327
Throw: Stone             |     8 |     7 |    16 |       ||    31
       Dart              |       |       |    12 |       ||    12
       Throwing net      |       |       |     1 |       ||     1
       Boomerang         |       |       |       |     4 ||     4
  Use: Scroll            |       |     5 |    10 |       ||    15
       Potion            |       |     1 |     2 |     2 ||     5
  Eat: Chunk             |     1 |     6 |    15 |     2 ||    24
       Ration            |       |       |     2 |     1 ||     3
Armor: Scale mail        |    45 |    48 |   179 |    26 ||   298
       Skin              |       |       |       |     1 ||     1
Dodge: Dodged            |    35 |    41 |   125 |    27 ||   228
       Repelled          |       |     3 |     4 |     1 ||     8
Block: Kite shield       |    66 |    49 |   263 |    44 ||   422
